 Dungeon Crawl Stone Soup version 0.28.0-45-g0d030f2227 (webtiles) character file.

Game seed: 876179299861903697

41 Ablot the Cutter (level 3, -3/35 HPs)
             Began as a Gnoll Chaos Knight on Apr 23, 2022.
             Was a Plaything of Xom.
             Slain by a polar bear (shapeshifter) (12 damage)
             ... on level 1 of the Dungeon.
             The game lasted 00:01:17 (983 turns).

Ablot the Cutter (Gnoll Chaos Knight)                Turns: 983, Time: 00:01:17

Health: -3/35      AC:  5    Str: 13    XL:     3   Next: 52%
Magic:  4/4        EV: 12    Int: 11    God:    Xom [...*..]
Gold:   41         SH:  0    Dex: 11    Spells: 3/3 levels left

rFire   . . .      SeeInvis .   a - +0 short sword (chaos)
rCold   . . .      Faith    .   (no shield)
rNeg    . . .      Spirit   .   b - +2 leather armour
rPois   .          Reflect  .   (no helmet)
rElec   .          Harm     .   (no cloak)
rCorr   .          Rampage  .   (no gloves)
Will    .....                   (no boots)
Stlth   +.........              (no amulet)
HPRegen 0.11/turn               (no ring)
MPRegen 0.09/turn               (no ring)

@: no status effects
A: fangs 1, strong nose, distributed training
a: Renounce Religion


You were on level 1 of the Dungeon.
You worshipped Xom.
You were a favourite toy of Xom.
You visited 1 branch of the dungeon, and saw 1 of its levels.

You collected 41 gold pieces.

Inventory:

Hand Weapons
 a - a +0 short sword of chaos (weapon)
 e - a +0 hunting sling of flaming
Missiles
 c - 29 stones (quivered)
 f - 2 atropa-tipped darts
 g - 15 bolts
Armour
 b - a +2 leather armour (worn)
Scrolls
 d - 3 scrolls of identify {unknown}
Potions
 h - a potion of might {unknown}


   Skills:
 + Level 6.5 Fighting
 + Level 6.5 Short Blades
 + Level 0.8 Long Blades
 + Level 0.8 Axes
 + Level 0.8 Maces & Flails
 + Level 0.8 Polearms
 + Level 0.8 Staves
 + Level 0.8 Slings
 + Level 0.8 Bows
 + Level 0.8 Crossbows
 + Level 0.8 Throwing
 + Level 4.5 Armour
 + Level 2.6 Dodging
 + Level 0.8 Stealth
 + Level 0.8 Shields
 + Level 0.8 Unarmed Combat
 + Level 0.8 Spellcasting
 + Level 0.5 Conjurations
 + Level 0.5 Hexes
 + Level 0.5 Summonings
 + Level 0.5 Necromancy
 + Level 0.5 Translocations
 + Level 0.5 Transmutations
 + Level 0.5 Fire Magic
 + Level 0.5 Ice Magic
 + Level 0.5 Air Magic
 + Level 0.5 Earth Magic
 + Level 0.5 Poison Magic
 + Level 1.0 Invocations
 + Level 0.8 Evocations


You had 3 spell levels left.
You didn't know any spells.
Your spell library was empty.

Dungeon Overview and Level Annotations

Branches:
Dungeon (1/15)

Altars:
Xom


Innate Abilities, Weirdness & Mutations

You have very sharp teeth.
Your uncanny sense of smell can sniff out nearby items.
Your experience applies equally to all skills.


Message History

The golden eye turns its gaze towards you.
You bump into the rock wall.
The golden eye turns its gaze towards you.
The golden eye blinks at you.
You are more confused.
The golden eye turns its gaze towards you.
Xom adds some personal touches to your environment.
The golden eye blinks!
You closely miss the golden eye.
The golden eye changes into a polar bear!
You hit the polar bear but do no damage.
You bump into the rock wall.
The polar bear bites you but does no damage.
The polar bear claws you but does no damage.
The polar bear misses you.
You hit the polar bear but do no damage.
Your bite misses the polar bear. The polar bear barely misses you.
The polar bear claws you.
The polar bear claws you but does no damage.
You hit the polar bear.
Lightning courses through the polar bear!!
Your bite misses the polar bear.
The polar bear is heavily wounded.
The polar bear bites you! The polar bear barely misses you.
The polar bear claws you.
You hit the polar bear but do no damage.
Your bite misses the polar bear.
The polar bear is heavily wounded.
You hit the polar bear but do no damage.
You bite the polar bear, but do no damage.
The polar bear is heavily wounded.
The polar bear bites you! The polar bear claws you.
* * * LOW HITPOINT WARNING * * *
The polar bear closely misses you.
You hit the polar bear but do no damage.
The polar bear is heavily wounded.
You feel less confused. The polar bear bites you!
You die...
Xom guffaws!

# #.# # #.# ..
########## #.# .#
.........# #.# .#
########.# #.# .#
#.#####.# .#
#.......# .#
############.#
######..._.__††h@_#
.......############
########


You could see a polar bear shaped shifter.

Vanquished Creatures
  A dart slug (D:1)
  2 ball pythons (D:1)
  3 endoplasms (D:1)
  A giant cockroach (D:1)
  3 goblins (D:1)
  3 hobgoblins (D:1)
  7 jackals (D:1)
  2 quokkas (D:1)
  3 bats (D:1)
  A frilled lizard (D:1)
  5 kobolds (D:1)
  2 rats (D:1)
33 creatures vanquished.

Vanquished Creatures (others)
  3 plants (D:1)
3 creatures vanquished.

Grand Total: 36 creatures vanquished

Notes
Turn   | Place    | Note
-------+----------+-------------------------------------------
     0 | D:1      | Ablot the Gnoll Chaos Knight began the quest for the Orb.
     0 | D:1      | Reached XP level 1. HP: 23/23 MP: 1/1
   141 | D:1      | XOM: silly message
   259 | D:1      | Reached XP level 2. HP: 29/29 MP: 2/2
   586 | D:1      | Reached XP level 3. HP: 35/35 MP: 3/3
   808 | D:1      | Reached skill level 1 in Invocations
   967 | D:1      | Noticed a shapeshifter
   967 | D:1      | a jackal changed into a shapeshifter
   967 | D:1      | Noticed a golden eye
   967 | D:1      | a shapeshifter changed into a golden eye
   974 | D:1      | XOM: scenery: create altars
   975 | D:1      | Noticed a polar bear
   975 | D:1      | a golden eye changed into a polar bear
   983 | D:1      | Slain by a polar bear (shapeshifter)

Illustrated notes

Levels and vault maps discovered:
D:1:      lightli_arrival_statue_moat, layout_loops_ring, nrook_loot_triangle,
          serial_bayou_pond_d

Skill      XL: |  1  2  3 |
---------------+----------+-----
Invocations    | 1 |  1.0
Fighting       | |  6.5
Short Blades   | |  6.5
Long Blades    | |  0.8
Axes           | |  0.8
Maces & Flails | |  0.8
Polearms       | |  0.8
Staves         | |  0.8
Slings         | |  0.8
Bows           | |  0.8
Crossbows      | |  0.8
Throwing       | |  0.8
Armour         | |  4.5
Dodging        | |  2.6
Stealth        | |  0.8
Shields        | |  0.8
Unarmed Combat | |  0.8
Spellcasting   | |  0.8
Conjurations   | |  0.5
Hexes          | |  0.5
Summonings     | |  0.5
Necromancy     | |  0.5
Translocations | |  0.5
Transmutations | |  0.5
Fire Magic     | |  0.5
Ice Magic      | |  0.5
Air Magic      | |  0.5
Earth Magic    | |  0.5
Poison Magic   | |  0.5
Evocations     | |  0.8

Action                   || total
-------------------------++-------
Melee: Short sword       ||   117
       Bite              ||    10
       Punch             ||     1
Armor: Leather armour    ||    34
Dodge: Dodged            ||    62
